 Dungeon Crawl Stone Soup version 0.30-a0-571-gdf30a72648 (webtiles) character file.

Game seed: 14583365068296555062

100 cforsyth the Conjurer (level 4, -2/33 HPs)
             Began as a Draconian Conjurer on Dec 29, 2022.
             Was an Initiate of Vehumet.
             Slain by Grinder (5 damage)
             ... while paralysed by Grinder
             ... on level 3 of the Dungeon on Dec 30, 2022.
             The game lasted 00:07:17 (3737 turns).

cforsyth the Conjurer (Draconian Conjurer)          Turns: 3737, Time: 00:07:17

Health: -2/33      AC:  6    Str:  9    XL:     4   Next: 46%
Magic:  0/9        EV:  2    Int: 21    God:    Vehumet [......]
Gold:   167        SH:  0    Dex:  9    Spells: 4/9 levels left

rFire   . . .      SeeInvis .    (no weapon)
rCold   . . .      Faith    .    (no shield)
rNeg    . . .      Spirit   .    (body armour unavailable)
rPois   .          Reflect  .    (helmet restricted)
rElec   .          Harm     .    (no cloak)
rCorr   .          Rampage  .    j - +0 pair of gloves
Will    .....                    (no boots)
Stlth   ++                       (no amulet)
HPRegen 0.25/turn                (no ring)
MPRegen 0.11/turn                (no ring)

@: paralysed
A: AC +5, unfitting armour, cold-blooded
a: Renounce Religion


You were on level 3 of the Dungeon.
You worshipped Vehumet.
Vehumet was noncommittal.
You visited 1 branch of the dungeon, and saw 3 of its levels.

You collected 167 gold pieces.

Inventory:

Armour
 j - a +0 pair of gloves (worn)
Jewellery
 i - an amulet of guardian spirit
Scrolls
 e - 3 scrolls of teleportation {unknown}
 f - a scroll of enchant armour {unknown}
 g - a scroll of noise {unknown}
 h - a scroll of vulnerability {unknown}
 n - 3 scrolls of enchant weapon {unknown}
 p - 5 scrolls of identify {unknown}
Potions
 a - a potion of magic
 b - a potion of haste {unknown}
 c - 3 potions of lignification {unknown}
 d - a potion of flight {unknown}
 k - a potion of berserk rage {unknown}
 l - 2 potions of might {unknown}
 m - 2 potions of heal wounds {unknown}
 o - 2 potions of attraction {unknown}


   Skills:
 - Level 1.7 Dodging
 - Level 1.7 Stealth
 + Level 3.3 Spellcasting
 + Level 5.0 Conjurations
 + Level 0.4 Hexes


You had 4 spell levels left.
You knew the following spells:

 Your Spells              Type           Power      Damage    Failure   Level
a - Magic Dart            Conj           96%        1d7       1%          1
b - Fulminant Prism       Conj/Hex       7%         3d7       38%         4

Your spell library contained the following spells:

 Spells                   Type           Power      Damage    Failure   Level
 Searing Ray              Conj           48%        2d6       2%          2
 Sting                    Tmut/Pois      12%        1d3       13%         1
 Dazzling Flash           Conj/Hex       30%        N/A       13%         3
 Poisonous Vapours        Pois/Air       6%         N/A       19%         2
 Iskenderun's Mystic Bla  Conj/Tloc      14%        2d5       41%         4
 Olgreb's Toxic Radiance  Pois           3%         N/A       77%         4


Dungeon Overview and Level Annotations

Branches:
Dungeon (3/15)

Altars:
Vehumet

Shops:
D:1 :

Annotations:
D:3 Grinder


Innate Abilities, Weirdness & Mutations

Your plain brown scales are hard. (AC +5)
You cannot fit into any form of body armour.
You are cold-blooded and may be slowed by cold attacks.


Message History

Grinder is almost dead.
Grinder blinks!
Grinder gestures at you.
You suddenly lose the ability to move!
Grinder gestures at you.
You shrug off the repeated paralysis!
You can move again.
Unknown command.
Unknown command.
Unknown command.
Unknown command.
Unknown command.
Unknown command.
You closely miss Grinder.
Grinder is almost dead.
Grinder hits you.
You writhe in agony.
The magic dart hits Grinder but does no damage.
Grinder is almost dead.
Grinder barely misses you.
You hit Grinder but do no damage.
Your tail-slap misses Grinder.
Grinder is almost dead.
Grinder says, "My boss said I was rubbish.
His entrails said otherwise."
Grinder gestures at you. You resist with significant effort.
You barely miss Grinder.
Grinder is almost dead.
Grinder gestures at you. Pain shoots through your body!
You closely miss Grinder.
Grinder is almost dead.
Grinder gestures at you.
You suddenly lose the ability to move!
Grinder hits you!
You writhe in agony.
* * * LOW HITPOINT WARNING * * *
Grinder gestures at you.
You shrug off the repeated paralysis!
Grinder hits you!
* * * LOW HITPOINT WARNING * * *
You writhe in agony.
You die...

#.# ...# #.. #.#
5..###### #####.####
.#.##.... #........+
#.~..~~~ ###.#.####...
#.~.≈~.. #...........#
#.~~~≈.~
###'######..#.#.##≈~♣.
#....####..#.#♣~≈.♣..
#.<.@.........~~~≈#..
#...5.###..#.#~~♣~.~~
#####.# #..#.#.#....~
#.# #..#.#≈.♣..~.
########.###..#.#.~~....
#.......................
#.......................
#.#......#.##.#.#..#.##.
#.########.####.#..#.##.


You could see Grinder.

Vanquished Creatures
  3 adders (D:2)
  2 dart slugs (D:1)
  3 orcs
  11 bats
  7 endoplasms
  2 giant cockroaches (D:2)
  3 goblins
  6 hobgoblins
  A quokka (D:1)
  5 ball pythons
  7 frilled lizards
  3 kobolds
  14 rats
67 creatures vanquished.

Notes
Turn   | Place    | Note
-------+----------+-------------------------------------------
     0 | D:1      | cforsyth the Draconian Conjurer began the quest for the
                  | Orb.
     0 | D:1      | Reached XP level 1. HP: 14/14 MP: 3/3
   182 | D:1      | Reached XP level 2. HP: 15/20 MP: 0/5
   736 | D:1      | Found Sausizer's Book Emporium.
   914 | D:1      | Reached XP level 3. HP: 26/26 MP: 5/7
  1226 | D:2      | Noticed a phantom
  1895 | D:2      | Reached XP level 4. HP: 32/33 MP: 2/8
  2418 | D:3      | Noticed Grinder
  2423 | D:3      | Paralysed by something for 2 turns
  2732 | D:2      | Learned a level 4 spell: Fulminant Prism
  2882 | D:3      | Reached skill level 5 in Conjurations
  2988 | D:3      | Found a radiant altar of Vehumet.
  3052 | D:3      | Became a worshipper of Vehumet
  3670 | D:3      | Paralysed by Grinder for 4 turns
  3721 | D:3      | Paralysed by Grinder for 2 turns
  3724 | D:3      | Paralysed by Grinder for 4 turns
  3734 | D:3      | Paralysed by Grinder for 4 turns
  3737 | D:3      | Slain by Grinder

Illustrated notes

Levels and vault maps discovered:
D:1:      dpeg_arrival_ratfight, layout_rooms, serial_shops,
          nicolae_shop_behind_doors
D:2:      minmay_recursive_quarters, layout_basic, chequers_arboretum,
          lightli_corner_chamber
D:3:      layout_basic, mainiacjoe_overflow_catwalk, serial_rivers,
          chequers_serial_rivers_micro_a, chequers_serial_rivers_small_a,
          chequers_serial_rivers_small_a, chequers_serial_rivers_marsh,
          chequers_serial_rivers_room_b, uniq_grinder

Skill      XL: |  1  2  3  4 |
---------------+-------------+-----
Spellcasting   | 3 |  3.3
Conjurations   | 5 |  5.0
Dodging        | |  1.7
Stealth        | |  1.7
Hexes          | |  0.4

Action                   |  1- 3 |  4- 6 || total
-------------------------+-------+-------++-------
Melee: Unarmed           |    31 |    22 ||    53
       Tailslap          |     6 |     1 ||     7
 Cast: Magic Dart        |    86 |    58 ||   144
Armor: Skin              |    35 |     4 ||    39
Dodge: Dodged            |    54 |    17 ||    71

Table legend: (Time is in decaauts)
 A = Elapsed time spent in this place.
 B = Non-inter-level travel time spent in this place.
 C = Inter-level travel time spent in this place.
 D = Time resting spent in this place.
 E = Time spent auto-exploring this place.
 F = Levels seen in this place.
 G = Mean time per level.
                   A        B        C        D        E       F      G
               +--------+--------+--------+--------+--------+-----+--------+
         Total |   3738 |   3694 |     44 |    304 |   2865 |   3 | 1246.0 |
       Dungeon |   3738 |   3694 |     44 |    304 |   2865 |   3 | 1246.0 |
               +--------+--------+--------+--------+--------+-----+--------+

Top non-repeatable levels by time:
     D:2: 1805 daAuts
     D:3: 968 daAuts
     D:1: 964 daAuts
